 Dungeon Sprint DCSS version 0.18.1-48-g4cf74bf (webtiles) character file.

401 Gingerlord the Blocker (level 7, -1/62 HPs)
             Began as a Formicid Fighter on July 7, 2016.
             Was a Believer of Makhleb.
             Slain by a red ugly thing (7 damage)
             ... in the Dungeon (Sprint IX: "|||||||||||||||||||||||||||||").
             The game lasted 00:02:53 (472 turns).

Gingerlord the Blocker (Formicid Fighter)            Turns: 472, Time: 00:02:53

Health: -1/62      AC: 13    Str: 23    XL:     7   Next: 11%
Magic:  7/7        EV: 10    Int:  8    God:    Makhleb [**....]
Gold:   0          SH: 12    Dex: 15    Spells: 0 memorised, 6 levels left

rFire  . . .     SeeInvis +     a - +0 long sword
rCold  . . .     Gourm    .     q - +1 chain mail
rNeg   . . .     Faith    .     c - +0 shield
rPois  .         Spirit   .     (helmet unavailable)
rElec  .         Dismiss  .     p - +0 cloak
rCorr  .         Reflect  .     (no gloves)
SustAt .         Harm     .     (no boots)
MR     .....                    (no amulet)
Stlth  ..........               s - +3 ring of dexterity
                                r - +3 ring of strength

@: very slightly contaminated, invisible, not resistant to hostile enchantments,
extremely unstealthy
A: permanent stasis, dig shafts and tunnels, four strong arms, antennae 3
a: Dig, Minor Destruction, Renounce Religion


You were in the Dungeon.
You worshipped Makhleb.
Makhleb was pleased with you.
You were not hungry.

You visited 1 branch

Inventory:

Hand Weapons
 a - a +0 long sword (weapon)
 o - a +2 scimitar of holy wrath
Armour
 b - a +0 scale mail
 c - a +0 shield (worn)
 p - a +0 cloak (worn)
 q - a +1 chain mail (worn)
Jewellery
 r - a +3 ring of strength (left hand)
 s - a +3 ring of dexterity (right hand)
Wands
 n - a wand of acid (7/15)
Scrolls
 l - 3 scrolls of remove curse
 m - 2 scrolls of amnesia
Potions
 e - 4 potions of curing
 g - a potion of heal wounds
 i - 4 potions of magic
Comestibles
 f - a bread ration


   Skills:
 + Level 8.2 Fighting
 + Level 5.9 Long Blades
 + Level 8.2 Armour
 + Level 4.2 Dodging
 + Level 9.4 Shields
 * Level 0.0 Invocations


You had 6 spell levels left.
You didn't know any spells.

Dungeon Overview and Level Annotations

Branches:
Dungeon (1/1)

Altars:
Cheibriados
Dithmenos
Elyvilon
Fedhas
Gozag
Kikubaaqudgha
Makhleb
Nemelex Xobeh
Okawaru
Pakellas
Qazlal
Ru
Sif Muna
Trog
Vehumet
Xom
Yredelemnul
Zin
The Shining One
Beogh
Jiyva
Lugonu


Innate Abilities, Weirdness & Mutations

You are under a permanent stasis effect.
You can dig through walls and to a lower floor.
Your four strong arms can wield two-handed weapons with a shield.
You have a pair of large antennae on your head (SInv).


Message History

The wyvern bites you. You block the wyvern's attack.
You hit the wyvern.
The wyvern is severely wounded.
You block the wyvern's attack.
You closely miss the red ugly thing. You hit the red ugly thing.
The red ugly thing is lightly wounded.
You block the red ugly thing's attack.
You hit the red ugly thing.
The red ugly thing is lightly wounded.
The red ugly thing bites you.
You are engulfed in flames!
Drink which item? (? for menu, Esc to quit)
You feel much better. The red ugly thing bites you!
You are engulfed in flames!
Drink which item? (? for menu, Esc to quit)
You fade into invisibility!
The red ugly thing bites you.
You are engulfed in flames!
* * * LOW HITPOINT WARNING * * *
You are very lightly contaminated with residual magic.
The red ugly thing bites you!
You die...

{
▓.▓
{
▓.▓
{
▓(▓
{ {
▓)▓
▓!▓
▓.▓
▓.▓
▓.▓
▓@▓
▓u▓
▓l▓
▓y▓
▓.▓
▓h▓
▓Z▓
▓a▓
▓.▓


You could see a red ugly thing, a wyvern, a vampire mosquito, a hound, a worker
ant and a ball python skeleton.

Vanquished Creatures
  An ice beast (D)
  A centaur (D)
  A giant frog (D)
  A howler monkey (D)
  An orc priest (D)
  An orc wizard (D)
  An iguana (D)
  A worker ant (D)
  An adder (D)
  A shadow imp (D)
  A bat zombie (D)
  A goblin (D)
  A bat (D)
  A giant newt (D)
  2 rats (D)
16 creatures vanquished.

Vanquished Creatures (others)
  A spatial maelstrom (D)
1 creature vanquished.

Grand Total: 17 creatures vanquished

Notes
Turn   | Place    | Note
--------------------------------------------------------------
     0 | D        | Gingerlord the Formicid Fighter began the quest for the Orb.
     0 | D        | Reached XP level 1. HP: 18/18 MP: 1/1
    11 | D        | Reached skill level 4 in Shields
    13 | D        | Banished a spatial maelstrom
    48 | D        | Noticed a worker ant
    48 | D        | Noticed an ice beast
    48 | D        | Noticed an iguana
    57 | D        | Killed a worker ant
    57 | D        | Reached skill level 5 in Shields
    57 | D        | Reached XP level 2. HP: 20/26 MP: 2/2
    57 | D        | Reached XP level 3. HP: 23/31 MP: 3/3
    63 | D        | Killed an ice beast
    63 | D        | Reached skill level 1 in Dodging
    63 | D        | Reached skill level 7 in Shields
    63 | D        | Reached XP level 4. HP: 30/40 MP: 4/4
    63 | D        | Reached XP level 5. HP: 35/46 MP: 5/5
   225 | D        | Found a glowing silver altar of Zin.
   225 | D        | Found a glowing golden altar of the Shining One.
   225 | D        | Found an ancient bone altar of Kikubaaqudgha.
   225 | D        | Found a basalt altar of Yredelemnul.
   225 | D        | Found a shimmering altar of Xom.
   225 | D        | Found a radiant altar of Vehumet.
   226 | D        | Found an iron altar of Okawaru.
   227 | D        | Found a burning altar of Makhleb.
   228 | D        | Found a deep blue altar of Sif Muna.
   229 | D        | Found a bloodstained altar of Trog.
   230 | D        | Found a sparkling altar of Nemelex Xobeh.
   231 | D        | Found a white marble altar of Elyvilon.
   232 | D        | Found a roughly hewn altar of Beogh.
   233 | D        | Found a viscous altar of Jiyva.
   234 | D        | Found a corrupted altar of Lugonu.
   235 | D        | Found a blossoming altar of Fedhas.
   236 | D        | Found a snail-covered altar of Cheibriados.
   237 | D        | Found a shadowy altar of Dithmenos.
   238 | D        | Found a stormy altar of Qazlal.
   239 | D        | Found an opulent altar of Gozag.
   240 | D        | Found a sacrificial altar of Ru.
   241 | D        | Found an oddly glowing altar of Pakellas.
   263 | D        | Became a worshipper of Makhleb the Destroyer
   314 | D        | Noticed a centaur
   314 | D        | Noticed a giant frog
   322 | D        | Reached skill level 8 in Shields
   322 | D        | Reached XP level 6. HP: 31/55 MP: 6/6
   334 | D        | Reached * piety under Makhleb
   342 | D        | Reached skill level 5 in Long Blades
   352 | D        | Reached skill level 9 in Shields
   352 | D        | Reached XP level 7. HP: 35/62 MP: 7/7
   358 | D        | Reached ** piety under Makhleb
   457 | D        | Noticed a wyvern
   457 | D        | Noticed a vampire mosquito
   457 | D        | Noticed a red ugly thing
   472 | D        | Slain by a red ugly thing

Skill      XL: |  1  2  3  4  5  6 |
---------------+-------------------+-----
Shields        | 5 7 8 9 |  9.4
Fighting       | 4 6 7 8 |  8.2
Armour         | 4 6 7 8 |  8.2
Long Blades    | 3 4 5 |  5.9
Dodging        | 1 2 4 |  4.2

Action                   |  1- 3 |  4- 6 |  7- 9 || total
-------------------------+-------+-------+-------++-------
Melee: Long sword        |    26 |    40 |    19 ||    85
  Use: Potion            |     2 |     1 |     2 ||     5
Armor: Scale mail        |     8 |     2 |       ||    10
       Chain mail        |       |    15 |     4 ||    19
Dodge: Dodged            |    13 |    11 |     6 ||    30
Block: Shield            |    12 |    24 |    10 ||    46
